SAAA
ALLOWAY HALBERDS @ JERSEY CITY SUN CAPS
09/14/2026
 
TOP OF THE 1ST
Alloway Halberds batting - Pitching for Jersey City Sun Caps : LHP Francisco Chávez
Pitching: LHP Francisco Chávez
Batting: RHB Jorge López 0-0: SINGLE (Line Drive, 34)
Batting: RHB Christovăo Galho 0-0: Ball
1-0: Foul Ball, location: 2F
1-1: SINGLE (Line Drive, 8LS)
Jorge López to second
Runner from 2nd tries for 3rd, SAFE, no throw
Batting: LHB Esteban Casillas 0-0: Called Strike
0-1: SINGLE (Groundball, 4MD)
Jorge López scores
Christovăo Galho to second
Batting: RHB Will Hunter 0-0: Ball
1-0: Foul Ball, location: 2F
1-1: Ball
2-1: Foul Ball, location: 2F
2-2: Strikes out swinging
Batting: RHB Orlando Reyes 0-0: Ball
1-0: Foul Ball, location: 2F
1-1: Called Strike
1-2: Foul Ball, location: 2F
1-2: Foul Ball, location: 2F
1-2: Ball
2-2: Strikes out swinging
Batting: RHB Alfredo Chávez 0-0: Called Strike
0-1: Foul Ball, location: 2F
0-2: Strikes out swinging
Top of the 1st over - 1 run(s), 3 hit(s), 0 error(s), 2 left on base; Alloway 1 - Jersey City 0
BOTTOM OF THE 1ST
Jersey City Sun Caps batting - Pitching for Alloway Halberds : RHP Jim Unknown
Pitching: RHP Jim Unknown
Batting: LHB Gerald Kaufman 0-0: Bunt for hit - play at first, batter OUT! 1-3
Batting: SHB Dominique Prost 0-0: Called Strike
0-1: Swinging Strike
0-2: Foul Ball, location: 2F
0-2: Ball
1-2: Strikes out swinging
Batting: RHB Luis Rodríguez 0-0: SINGLE (Groundball, 4MD)
Batting: RHB Mike Greene 0-0: Ball
1-0: Foul Ball, location: 2F
1-1: Ball
2-1: Swinging Strike
2-2: Foul Ball, location: 2F
2-2: Foul Ball, location: 2F
2-2: Strikes out looking
Bottom of the 1st over - 0 run(s), 1 hit(s), 0 error(s), 1 left on base; Alloway 1 - Jersey City 0
TOP OF THE 2ND
Alloway Halberds batting - Pitching for Jersey City Sun Caps : LHP Francisco Chávez
Batting: RHB Chi-hyeong Ho 0-0: Fly out, F8 (Flyball, 8LM)
Batting: RHB Octávio Beltzán 0-0: Called Strike
0-1: DOUBLE (Flyball, 78D)
Batting: RHB Pedro Orozco 0-0: Ball
1-0: Called Strike
1-1: Ball
2-1: Ball
3-1: Base on Balls
Batting: RHB Jorge López 0-0: Ball
1-0: Ball
2-0: Called Strike
2-1: Foul Ball, location: 2F
2-2: Fly out, F8 (Flyball, 8LXD)
Runner from 2nd tags up, SAFE at 3rd, no throw
Batting: RHB Christovăo Galho 0-0: Ball
1-0: Ball
2-0: Foul Ball, location: 2F
2-1: Ball
3-1: Fly out, F8 (Flyball, 8RM)
Top of the 2nd over - 0 run(s), 1 hit(s), 0 error(s), 2 left on base; Alloway 1 - Jersey City 0
BOTTOM OF THE 2ND
Jersey City Sun Caps batting - Pitching for Alloway Halberds : RHP Jim Unknown
Batting: RHB Tony Quintana 0-0: Ground out 4-3 (Groundball, 4)
Batting: RHB Salvador Pineda 0-0: Foul Ball, location: 2F
0-1: Foul Ball, location: 2F
0-2: Ball
1-2: Strikes out swinging, 2-3 out at first.
Batting: RHB Bryan Wilson 0-0: Called Strike
0-1: Ball
1-1: Ball
2-1: Foul Ball, location: 2F
2-2: Strikes out swinging
Bottom of the 2nd over - 0 run(s), 0 hit(s), 0 error(s), 0 left on base; Alloway 1 - Jersey City 0
TOP OF THE 3RD
Alloway Halberds batting - Pitching for Jersey City Sun Caps : LHP Francisco Chávez
Batting: LHB Esteban Casillas 0-0: Called Strike
0-1: Called Strike
0-2: Foul Ball, location: 2F
0-2: Hit by Pitch
Batting: RHB Will Hunter 0-0: Swinging Strike
0-1: Swinging Strike
0-2: Strikes out swinging
Batting: RHB Orlando Reyes 0-0: Fly out, F5 (Line Drive, 56)
Batting: RHB Alfredo Chávez 0-0: Ground out 4-3 (Groundball, 4M)
Top of the 3rd over - 0 run(s), 0 hit(s), 0 error(s), 1 left on base; Alloway 1 - Jersey City 0
BOTTOM OF THE 3RD
Jersey City Sun Caps batting - Pitching for Alloway Halberds : RHP Jim Unknown
Batting: RHB Jonah Moody 0-0: Ball
1-0: Ground out 5-3 (Groundball, 5S)
Batting: RHB Gabriel Guerrero 0-0: Ball
1-0: Ball
2-0: Ball
3-0: Called Strike
3-1: Swinging Strike
3-2: Strikes out swinging
Batting: LHB Gerald Kaufman 0-0: Bunt for hit - play at first, batter safe!
Batting: SHB Dominique Prost 0-0: Called Strike
0-1: Ball
1-1: Ball
Gerald Kaufman steals 2nd base
2-1: Ball
3-1: Called Strike
3-2: 2-RUN HOME RUN (Flyball, 8LXD), Distance : 441 ft
Batting: RHB Luis Rodríguez 0-0: Called Strike
0-1: Ball
1-1: Ball
2-1: Swinging Strike
2-2: Ball
3-2: Foul Ball, location: 2F
3-2: Strikes out swinging
Bottom of the 3rd over - 2 run(s), 2 hit(s), 0 error(s), 0 left on base; Alloway 1 - Jersey City 2
TOP OF THE 4TH
Alloway Halberds batting - Pitching for Jersey City Sun Caps : LHP Francisco Chávez
Batting: RHB Chi-hyeong Ho 0-0: Swinging Strike
0-1: Swinging Strike
0-2: Ball
1-2: Reached on error, E5 (Groundball, 5L)
Batting: RHB Octávio Beltzán 0-0: Called Strike
0-1: Called Strike
0-2: Ball
1-2: Fly out, F9 (Flyball, 9S)
Batting: RHB Pedro Orozco 0-0: Ball
1-0: Foul Ball, location: 2F
1-1: Foul Ball, location: 2F
1-2: Foul Ball, location: 2F
1-2: Ball
2-2: Fly out, F8 (Flyball, 78D)
Batting: RHB Jorge López 0-0: Ball
1-0: Ball
2-0: Called Strike
2-1: Called Strike
2-2: Foul Ball, location: 2F
2-2: Foul Ball, location: 2F
2-2: Strikes out swinging
Top of the 4th over - 0 run(s), 0 hit(s), 1 error(s), 1 left on base; Alloway 1 - Jersey City 2
BOTTOM OF THE 4TH
Jersey City Sun Caps batting - Pitching for Alloway Halberds : RHP Jim Unknown
Batting: RHB Mike Greene 0-0: Called Strike
0-1: Ball
1-1: Ball
2-1: Ball
3-1: Fly out, F9 (Flyball, 89M)
Batting: RHB Tony Quintana 0-0: Ball
1-0: Ground out 6-3 (Groundball, 6)
Batting: RHB Salvador Pineda 0-0: Called Strike
0-1: Ball
1-1: Foul Ball, location: 2F
1-2: Ball
2-2: Foul Ball, location: 2F
2-2: Ball
3-2: Base on Balls
Batting: RHB Bryan Wilson 0-0: Foul Ball, location: 2F
0-1: Foul Ball, location: 2F
0-2: Ball
1-2: Foul Ball, location: 2F
1-2: Strikes out swinging
Bottom of the 4th over - 0 run(s), 0 hit(s), 0 error(s), 1 left on base; Alloway 1 - Jersey City 2
TOP OF THE 5TH
Alloway Halberds batting - Pitching for Jersey City Sun Caps : LHP Francisco Chávez
Batting: RHB Christovăo Galho 0-0: Ball
1-0: Ball
2-0: Ball
3-0: Called Strike
3-1: Foul Ball, location: 2F
3-2: Fly out, F8 (Flyball, 8RM)
Batting: LHB Esteban Casillas 0-0: Ball
1-0: Foul Ball, location: 2F
1-1: Ball
2-1: Foul Ball, location: 2F
2-2: Foul Ball, location: 2F
2-2: Strikes out swinging
Batting: RHB Will Hunter 0-0: Ball
1-0: Called Strike
1-1: Foul Ball, location: 2F
1-2: Foul Ball, location: 2F
1-2: Ball
2-2: Strikes out swinging
Top of the 5th over - 0 run(s), 0 hit(s), 0 error(s), 0 left on base; Alloway 1 - Jersey City 2
BOTTOM OF THE 5TH
Jersey City Sun Caps batting - Pitching for Alloway Halberds : RHP Jim Unknown
Batting: RHB Jonah Moody 0-0: Ball
1-0: Ground out 6-3 (Groundball, 56)
Batting: RHB Gabriel Guerrero 0-0: Called Strike
0-1: Ball
1-1: Foul Ball, location: 2F
1-2: Ball
2-2: Ball
3-2: Strikes out swinging
Batting: LHB Gerald Kaufman 0-0: Ball
1-0: Called Strike
1-1: Ball
2-1: Ball
3-1: Fly out, F8 (Flyball, 8LM)
Bottom of the 5th over - 0 run(s), 0 hit(s), 0 error(s), 0 left on base; Alloway 1 - Jersey City 2
TOP OF THE 6TH
Alloway Halberds batting - Pitching for Jersey City Sun Caps : LHP Francisco Chávez
Batting: RHB Orlando Reyes 0-0: Ball
1-0: Called Strike
1-1: Fly out, F6 (Line Drive, 6)
Batting: RHB Alfredo Chávez 0-0: SINGLE (Groundball, 6MD)
Batting: RHB Chi-hyeong Ho 0-0: Foul Ball, location: 2F
0-1: Called Strike
0-2: Strikes out swinging
Pitching: RHP Tom Bowen
Batting: RHB Octávio Beltzán 0-0: Called Strike
0-1: Swinging Strike
0-2: Ball
1-2: Strikes out swinging
Top of the 6th over - 0 run(s), 1 hit(s), 0 error(s), 1 left on base; Alloway 1 - Jersey City 2
BOTTOM OF THE 6TH
Jersey City Sun Caps batting - Pitching for Alloway Halberds : RHP Jim Unknown
Batting: SHB Dominique Prost 0-0: SINGLE (Line Drive, 8LS)
Batting: RHB Luis Rodríguez 0-0: Foul Ball, location: 2F
0-1: Foul Ball, location: 2F
0-2: Foul Ball, location: 2F
0-2: Fly out, F8 (Line Drive, 8LXD)
Batting: RHB Mike Greene 0-0: 2-RUN HOME RUN (Flyball, 78XD), Distance : 435 ft
Batting: RHB Tony Quintana 0-0: Foul Ball, location: 2F
0-1: Foul Ball, location: 2F
0-2: Ball
1-2: Ball
2-2: Fly out, F9 (Flyball, 9LM)
Batting: RHB Salvador Pineda 0-0: Ball
1-0: Called Strike
1-1: Ground out 4-3 (Groundball, 4)
Bottom of the 6th over - 2 run(s), 2 hit(s), 0 error(s), 0 left on base; Alloway 1 - Jersey City 4
TOP OF THE 7TH
Alloway Halberds batting - Pitching for Jersey City Sun Caps : RHP Tom Bowen
Batting: RHB Pedro Orozco 0-0: Foul Ball, location: 2F
0-1: Foul Ball, location: 2F
0-2: Ball
1-2: Ball
2-2: Ground out 4-3 (Groundball, 34)
Batting: RHB Jorge López 0-0: Swinging Strike
0-1: Ball
1-1: Foul Ball, location: 2F
1-2: Ball
2-2: Fly out, F3 (Popup, 3D)
Batting: RHB Christovăo Galho 0-0: Fly out, F7 (Line Drive, 7)
Top of the 7th over - 0 run(s), 0 hit(s), 0 error(s), 0 left on base; Alloway 1 - Jersey City 4
BOTTOM OF THE 7TH
Jersey City Sun Caps batting - Pitching for Alloway Halberds : RHP Jim Unknown
Batting: RHB Bryan Wilson 0-0: Ball
1-0: Called Strike
1-1: Foul Ball, location: 2F
1-2: Ball
2-2: Ball
3-2: Ground out 4-3 (Groundball, 4)
Batting: RHB Jonah Moody 0-0: Foul Ball, location: 2F
0-1: Ball
1-1: Called Strike
1-2: Ball
2-2: Ball
3-2: Base on Balls
Batting: RHB Gabriel Guerrero 0-0: SINGLE (Flyball, 6MD)
Jonah Moody to second
Batting: LHB Gerald Kaufman 0-0: Ball
1-0: Called Strike
1-1: Ball
2-1: Foul Ball, location: 2F
2-2: Fly out, F8 (Flyball, 8LXD)
Runner from 2nd tags up, SAFE at 3rd, no throw
Batting: SHB Dominique Prost 0-0: Ball
1-0: Ball
2-0: Ball
3-0: Base on Balls
Gabriel Guerrero to second
Batting: RHB Luis Rodríguez 0-0: Foul Ball, location: 2F
0-1: Ball
1-1: Ball
2-1: Ball
3-1: Foul Ball, location: 2F
3-2: Fly out, F7 (Flyball, 7LS)
Bottom of the 7th over - 0 run(s), 1 hit(s), 0 error(s), 3 left on base; Alloway 1 - Jersey City 4
TOP OF THE 8TH
Alloway Halberds batting - Pitching for Jersey City Sun Caps : RHP Tom Bowen
Batting: LHB Esteban Casillas 0-0: Called Strike
0-1: Called Strike
0-2: Strikes out looking
Batting: RHB Will Hunter 0-0: Ball
1-0: Ball
2-0: Ground out 5-3 (Groundball, 56)
Batting: RHB Orlando Reyes 0-0: Ball
1-0: Called Strike
1-1: SINGLE (Flyball, 6D)
Batting: RHB Alfredo Chávez 0-0: Ball
1-0: Fly out, F6 (Popup, 6D)
Top of the 8th over - 0 run(s), 1 hit(s), 0 error(s), 1 left on base; Alloway 1 - Jersey City 4
BOTTOM OF THE 8TH
Jersey City Sun Caps batting - Pitching for Alloway Halberds : RHP Jim Unknown
Pitching: RHP Jim Unknown
Batting: RHB Mike Greene 0-0: Ball
1-0: Called Strike
1-1: Foul Ball, location: 2F
1-2: Foul Ball, location: 2F
1-2: Fly out, F5 (Line Drive, 56)
Batting: RHB Tony Quintana 0-0: Ball
1-0: Ground out U3 (Groundball, 34D)
Batting: RHB Salvador Pineda 0-0: Ball
1-0: Called Strike
1-1: Swinging Strike
1-2: Strikes out swinging
Bottom of the 8th over - 0 run(s), 0 hit(s), 0 error(s), 0 left on base; Alloway 1 - Jersey City 4
TOP OF THE 9TH
Alloway Halberds batting - Pitching for Jersey City Sun Caps : RHP Tom Bowen
Pitching: LHP Michael Rondeau
Batting: RHB Chi-hyeong Ho 0-0: Ball
1-0: Foul Ball, location: 2F
1-1: Fly out, F8 (Flyball, 8LM)
Batting: RHB Octávio Beltzán 0-0: Ball
1-0: Swinging Strike
1-1: Called Strike
1-2: Ball
2-2: SINGLE (Groundball, 4M) (infield hit)
Batting: RHB Pedro Orozco 0-0: SINGLE (Groundball, 6MD)
Octávio Beltzán to second
Runner from 2nd tries for 3rd, SAFE, no throw
Batting: RHB Jorge López 0-0: Foul Ball, location: 2F
0-1: SINGLE (Groundball, 56S) (infield hit)
Octávio Beltzán scores
Pedro Orozco to second
Batting: RHB Christovăo Galho 0-0: Ball
1-0: Called Strike
1-1: Ball
2-1: Ball
3-1: Foul Ball, location: 2F
3-2: Foul Ball, location: 2F
3-2: Foul Ball, location: 2F
3-2: Grounds into double play, 4-6-3 (Groundball, 4)
Top of the 9th over - 1 run(s), 3 hit(s), 0 error(s), 1 left on base; Alloway 2 - Jersey City 4
Monday, March 20th, 2017 - OOTP Baseball 17.12 Build 75